EL
MONTGOMERY BISCUITS @ PORTLAND SEA DOGS
06/13/2049
 
TOP OF THE 1ST
Montgomery Biscuits batting - Pitching for Portland Sea Dogs : RHP Justin Swenson
Pitching: RHP Justin Swenson
Batting: RHB Adam Turpin 0-0: Foul Ball, location: 2F
0-1: Foul Ball, location: 2F
0-2: Strikes out swinging
Batting: LHB Mario Ocana 0-0: Ball
1-0: Ball
2-0: Ball
3-0: Base on Balls
Batting: SHB Wayne Hattan 0-0: Called Strike
Mario Ocana is caught stealing 2nd base 2-6
0-1: Foul Ball, location: 2F
0-2: Ground out 4-3 (Groundball, 4, EV 89.4 MPH)
Top of the 1st over - 0 runs, 0 hits, 0 errors, 0 left on base; Montgomery 0 - Portland 0
BOTTOM OF THE 1ST
Portland Sea Dogs batting - Pitching for Montgomery Biscuits : RHP Jeremy Price
Pitching: RHP Jeremy Price
Batting: RHB Sal Rivera 0-0: Called Strike
0-1: Ball
1-1: Foul Ball, location: 2F
1-2: Fly out, F6 (Flyball, 6D, EV 95.6 MPH)
Batting: RHB Travis Campbell 0-0: Ball
1-0: Called Strike
1-1: Ball
2-1: Ball
3-1: Foul Ball, location: 2F
3-2: SOLO HOME RUN (Flyball, 7LD, EV 96.9 MPH), Distance : 357 ft
Batting: RHB Tony Nunez 0-0: Called Strike
0-1: Ball
1-1: SINGLE (Line Drive, 9S, EV 101.9 MPH)
Batting: RHB Ernie Genier Pickoff Throw to First - Out! 1-3 CS
0-0: Foul Ball, location: 2F
0-1: Foul Ball, location: 2F
0-2: Strikes out looking
Bottom of the 1st over - 1 run, 2 hits, 0 errors, 0 left on base; Montgomery 0 - Portland 1
TOP OF THE 2ND
Montgomery Biscuits batting - Pitching for Portland Sea Dogs : RHP Justin Swenson
Batting: RHB Alex Zamora 0-0: Ball
1-0: Ball
2-0: Ball
3-0: Called Strike
3-1: Foul Ball, location: 2F
3-2: Foul Ball, location: 2F
3-2: Fly out, F8 (Flyball, 89D, EV 100.6 MPH)
Batting: LHB Rich Matthews 0-0: Called Strike
0-1: Ground out 5-3 (Groundball, 56, EV 101.2 MPH)
Batting: RHB Dan Marks 0-0: Foul Ball, location: 2F
0-1: Ball
1-1: Ball
2-1: Called Strike
2-2: Ball
3-2: Foul Ball, location: 2F
3-2: Strikes out swinging
Top of the 2nd over - 0 runs, 0 hits, 0 errors, 0 left on base; Montgomery 0 - Portland 1
BOTTOM OF THE 2ND
Portland Sea Dogs batting - Pitching for Montgomery Biscuits : RHP Jeremy Price
Batting: RHB Alex Melendez 0-0: Ball
1-0: Ball
2-0: Swinging Strike
2-1: Ball
3-1: Ground out 5-3 (Groundball, 56, EV 83.8 MPH)
Batting: LHB Keith Rice 0-0: Ball
1-0: SINGLE (Groundball, 4MS, EV 69.4 MPH) (infield hit)
Batting: RHB Miguel Villanueva 0-0: Ball
1-0: SINGLE (Flyball, 9LS, EV 96.2 MPH)
Keith Rice to second
Batting: RHB Frank Sokolosky 0-0: Ball
1-0: Fielders Choice at 2nd, 5-4 (Groundball, 56, EV 111.2 MPH)
Keith Rice to third
Batting: LHB Dave Reyes 0-0: Ball
1-0: Ball
2-0: SINGLE (Flyball, 89S, EV 88.8 MPH)
Keith Rice scores
Frank Sokolosky to second
Runner from 2nd tries for 3rd, SAFE, throw by RF made to third
Batting: RHB Sal Rivera 0-0: Foul Ball, location: 2F
0-1: Ball
1-1: Bunted foul
1-2: Ball
2-2: Fielders Choice at 2nd, U6 (Groundball, 6M, EV 90.0 MPH)
Bottom of the 2nd over - 1 run, 3 hits, 0 errors, 2 left on base; Montgomery 0 - Portland 2
TOP OF THE 3RD
Montgomery Biscuits batting - Pitching for Portland Sea Dogs : RHP Justin Swenson
Batting: RHB Jason Penfield 0-0: Ball
1-0: Ball
2-0: Foul Ball, location: 2F
2-1: Called Strike
2-2: Ball
3-2: Foul Ball, location: 2F
3-2: Strikes out swinging
Batting: RHB Khalil Walker 0-0: Called Strike
0-1: Ground out 5-3 (Groundball, 56S, EV 89.4 MPH)
Batting: LHB Alex Genao 0-0: Foul Ball, location: 2F
0-1: Ball
1-1: Ball
2-1: Swinging Strike
2-2: Foul Ball, location: 2F
2-2: Foul Ball, location: 2F
2-2: Ball
3-2: Strikes out looking
Top of the 3rd over - 0 runs, 0 hits, 0 errors, 0 left on base; Montgomery 0 - Portland 2
BOTTOM OF THE 3RD
Portland Sea Dogs batting - Pitching for Montgomery Biscuits : RHP Jeremy Price
Batting: RHB Travis Campbell 0-0: Ball
1-0: Ground out 6-3 (Groundball, 56, EV 93.1 MPH)
Batting: RHB Tony Nunez 0-0: Ball
1-0: Ball
2-0: Foul Ball, location: 2F
2-1: Fly out, F9 (Line Drive, 9S, EV 90.6 MPH)
Batting: RHB Ernie Genier 0-0: Ball
1-0: SOLO HOME RUN (Line Drive, 9LD, EV 93.1 MPH), Distance : 343 ft
Batting: RHB Alex Melendez 0-0: Ball
1-0: Called Strike
1-1: Swinging Strike
1-2: DOUBLE (Line Drive, 78XD, EV 103.1 MPH)
Batting: LHB Keith Rice 0-0: Ball
1-0: SINGLE (Groundball, 6MD, EV 104.4 MPH)
Alex Melendez to third
Runner from 3rd tries for Home, SAFE, throw by CF to home
Batting: RHB Miguel Villanueva 0-0: Ball
1-0: SINGLE (Groundball, 56D, EV 105.0 MPH)
Keith Rice to second
Batting: RHB Frank Sokolosky 0-0: Foul Ball, location: 2F
0-1: Ground out 1-3 (Groundball, 13, EV 68.8 MPH)
Bottom of the 3rd over - 2 runs, 4 hits, 0 errors, 2 left on base; Montgomery 0 - Portland 4
TOP OF THE 4TH
Montgomery Biscuits batting - Pitching for Portland Sea Dogs : RHP Justin Swenson
Batting: RHB Adam Turpin 0-0: Ground out 4-3 (Groundball, 4, EV 85.0 MPH)
Batting: LHB Mario Ocana 0-0: Called Strike
0-1: Called Strike
0-2: Strikes out swinging
Batting: SHB Wayne Hattan 0-0: Fly out, F8 (Line Drive, 89M, EV 94.4 MPH)
Top of the 4th over - 0 runs, 0 hits, 0 errors, 0 left on base; Montgomery 0 - Portland 4
BOTTOM OF THE 4TH
Portland Sea Dogs batting - Pitching for Montgomery Biscuits : RHP Jeremy Price
Batting: LHB Dave Reyes 0-0: Foul Ball, location: 2F
0-1: Called Strike
0-2: Ground out 4-3 (Groundball, 3D, EV 103.1 MPH)
Batting: RHB Sal Rivera 0-0: Ball
1-0: Ball
2-0: Foul Ball, location: 2F
2-1: Foul Ball, location: 2F
2-2: Foul Ball, location: 2F
2-2: Ball
3-2: Foul Ball, location: 2F
3-2: Ground out 6-3 (Groundball, 56, EV 107.5 MPH)
Batting: RHB Travis Campbell 0-0: Ball
1-0: Ball
2-0: Ball
3-0: Called Strike
3-1: Swinging Strike
3-2: Base on Balls
Batting: RHB Tony Nunez 0-0: Called Strike
0-1: Ball
1-1: Called Strike
1-2: Ball
2-2: Strikes out swinging
Bottom of the 4th over - 0 runs, 0 hits, 0 errors, 1 left on base; Montgomery 0 - Portland 4
TOP OF THE 5TH
Montgomery Biscuits batting - Pitching for Portland Sea Dogs : RHP Justin Swenson
Batting: RHB Alex Zamora 0-0: Called Strike
0-1: Foul Ball, location: 2F
0-2: Ball
1-2: Ball
2-2: Foul Ball, location: 2F
2-2: Ground out 5-3 (Groundball, 56, EV 80.6 MPH)
Batting: LHB Rich Matthews 0-0: Called Strike
0-1: Ground out U3 (Groundball, 34S, EV 88.1 MPH)
Batting: RHB Dan Marks 0-0: Called Strike
0-1: Foul Ball, location: 2F
0-2: Fly out, F7 (Flyball, 7, EV 80.0 MPH)
Top of the 5th over - 0 runs, 0 hits, 0 errors, 0 left on base; Montgomery 0 - Portland 4
BOTTOM OF THE 5TH
Portland Sea Dogs batting - Pitching for Montgomery Biscuits : RHP Jeremy Price
Batting: RHB Ernie Genier 0-0: Foul Ball, location: 2F
0-1: Ball
1-1: Called Strike
1-2: Ball
2-2: Foul Ball, location: 2F
2-2: Ball
3-2: Base on Balls
Batting: RHB Alex Melendez 0-0: Ball
1-0: Fly out, F8 (Flyball, 8LXD, EV 85.6 MPH)
Batting: LHB Keith Rice 0-0: Called Strike
0-1: SINGLE (Groundball, 25, EV 74.4 MPH) (infield hit)
Ernie Genier to second
Batting: RHB Miguel Villanueva 0-0: Fielders Choice at 2nd, 4-6 (Groundball, 34, EV 83.8 MPH)
Ernie Genier to third
Batting: RHB Frank Sokolosky 0-0: Ball
1-0: Ball
2-0: Ball
3-0: Called Strike
3-1: Fielders Choice at 2nd, 6-4 (Groundball, 6, EV 100.0 MPH)
Bottom of the 5th over - 0 runs, 1 hit, 0 errors, 2 left on base; Montgomery 0 - Portland 4
TOP OF THE 6TH
Montgomery Biscuits batting - Pitching for Portland Sea Dogs : RHP Justin Swenson
Batting: RHB Jason Penfield 0-0: Called Strike
0-1: Called Strike
0-2: Strikes out looking
Batting: RHB Khalil Walker 0-0: Swinging Strike
0-1: Ground out 5-3 (Groundball, 56D, EV 108.8 MPH)
Batting: LHB Alex Genao 0-0: Ground out 6-3 (Groundball, 6, EV 81.9 MPH)
Top of the 6th over - 0 runs, 0 hits, 0 errors, 0 left on base; Montgomery 0 - Portland 4
BOTTOM OF THE 6TH
Portland Sea Dogs batting - Pitching for Montgomery Biscuits : RHP Jeremy Price
Batting: LHB Dave Reyes 0-0: SINGLE (Line Drive, 7S, EV 103.1 MPH)
Batting: RHB Sal Rivera 0-0: Called Strike
0-1: Swinging Strike
0-2: SINGLE (Groundball, 4M, EV 105.6 MPH) (infield hit)
Dave Reyes to second
Batting: RHB Travis Campbell 0-0: Ball
1-0: Ball
2-0: Ball
3-0: Base on Balls
Dave Reyes to third
Sal Rivera to second
Pitching: RHP David Espinosa
Batting: RHB Tony Nunez 0-0: Called Strike
0-1: Called Strike
0-2: Strikes out swinging
Batting: RHB Ernie Genier 0-0: Called Strike
0-1: Foul Ball, location: 2F
0-2: Ball
1-2: Ball
2-2: Fly out, F7 (Line Drive, 7, EV 110.6 MPH)
Runner from 3rd tags up, SCORES, no throw by LF
Batting: RHB Alex Melendez 0-0: Ball
1-0: SINGLE (Groundball, 6D, EV 106.9 MPH)
Sal Rivera to third
Travis Campbell to second
Runner from 3rd tries for Home, SAFE, throw by LF to home
Batting: LHB Keith Rice 0-0: Called Strike
0-1: Fielders Choice at 2nd, U6 (Groundball, 6M, EV 82.5 MPH)
Bottom of the 6th over - 2 runs, 3 hits, 0 errors, 2 left on base; Montgomery 0 - Portland 6
TOP OF THE 7TH
Montgomery Biscuits batting - Pitching for Portland Sea Dogs : RHP Justin Swenson
Batting: RHB Adam Turpin 0-0: Ground out 6-3 (Groundball, 6, EV 89.4 MPH)
Batting: LHB Mario Ocana 0-0: Ball
1-0: Ground out 3-1 (Groundball, 34, EV 76.9 MPH)
Batting: SHB Wayne Hattan 0-0: Fly out, F5 (Popup, 25F, EV 82.5 MPH)
Top of the 7th over - 0 runs, 0 hits, 0 errors, 0 left on base; Montgomery 0 - Portland 6
BOTTOM OF THE 7TH
Portland Sea Dogs batting - Pitching for Montgomery Biscuits : RHP David Espinosa
Batting: RHB Miguel Villanueva 0-0: Called Strike
0-1: Swinging Strike
0-2: Ball
1-2: Ball
2-2: Ball
3-2: Foul Ball, location: 2F
3-2: Foul Ball, location: 2F
3-2: Foul Ball, location: 2F
3-2: Strikes out swinging
Batting: RHB Frank Sokolosky 0-0: Foul Ball, location: 2F
0-1: Ground out 4-3 (Groundball, 4, EV 100.6 MPH)
Batting: LHB Dave Reyes 0-0: Ground out 4-3 (Groundball, 4, EV 108.1 MPH)
Bottom of the 7th over - 0 runs, 0 hits, 0 errors, 0 left on base; Montgomery 0 - Portland 6
TOP OF THE 8TH
Montgomery Biscuits batting - Pitching for Portland Sea Dogs : RHP Justin Swenson
Batting: RHB Alex Zamora 0-0: Called Strike
0-1: Foul Ball, location: 2F
0-2: Strikes out swinging
Batting: LHB Rich Matthews 0-0: Foul Ball, location: 2F
0-1: Ground out 5-3 (Groundball, 5, EV 81.9 MPH)
Batting: RHB Dan Marks 0-0: Called Strike
0-1: Hit by Pitch
Batting: RHB Jason Penfield 0-0: Ball
1-0: Called Strike
1-1: Called Strike
1-2: Ball
2-2: Fielders Choice at 2nd, 6-4 (Groundball, 6, EV 86.2 MPH)
Top of the 8th over - 0 runs, 0 hits, 0 errors, 1 left on base; Montgomery 0 - Portland 6
BOTTOM OF THE 8TH
Portland Sea Dogs batting - Pitching for Montgomery Biscuits : RHP David Espinosa
Batting: RHB Sal Rivera 0-0: Swinging Strike
0-1: Swinging Strike
0-2: Ball
1-2: Ball
2-2: Foul Ball, location: 2F
2-2: Strikes out swinging
Batting: RHB Travis Campbell 0-0: Called Strike
0-1: Ball
1-1: Swinging Strike
1-2: Strikes out looking
Batting: RHB Tony Nunez 0-0: Ball
1-0: Ball
2-0: Foul Ball, location: 2F
2-1: Ground out 6-3 (Groundball, 56, EV 90.6 MPH)
Bottom of the 8th over - 0 runs, 0 hits, 0 errors, 0 left on base; Montgomery 0 - Portland 6
TOP OF THE 9TH
Montgomery Biscuits batting - Pitching for Portland Sea Dogs : RHP Justin Swenson
Batting: RHB Khalil Walker 0-0: Foul Ball, location: 2F
0-1: Foul Ball, location: 2F
0-2: Ball
1-2: Fly out, F9 (Flyball, 9, EV 87.5 MPH)
Batting: LHB Alex Genao 0-0: Ball
1-0: SINGLE (Groundball, 4MD, EV 97.5 MPH)
Batting: RHB Adam Turpin 0-0: Foul Ball, location: 2F
0-1: Ball
1-1: Ball
2-1: Ball
3-1: SINGLE (Groundball, 56D, EV 96.2 MPH)
Alex Genao to second
Pitching: RHP Elliot Monroe
Batting: LHB Mario Ocana 0-0: Fielders Choice at 2nd, 6-4 (Groundball, 6, EV 80.0 MPH)
Alex Genao to third
Batting: SHB Wayne Hattan 0-0: Called Strike
0-1: Ball
1-1: Swinging Strike
1-2: Ball
2-2: Foul Ball, location: 2F
2-2: Strikes out looking
Top of the 9th over - 0 runs, 2 hits, 0 errors, 2 left on base; Montgomery 0 - Portland 6
Sunday, July 16th , 2023 - OOTP Baseball 24.6 Build 69